 Dungeon Crawl Stone Soup version 0.17.1-2-g5865329 (webtiles) character file.

576 retronalle the Covert (level 7, -6/46 HPs)
             Began as an Octopode Assassin on Feb 17, 2016.
             Was an Initiate of Okawaru.
             Mangled by Menkaure (16 damage)
             ... on level 5 of the Dungeon.
             The game lasted 00:20:53 (5681 turns).

retronalle the Covert (Octopode Assassin)           Turns: 5681, Time: 00:20:53

Health: -6/46      AC:  1    Str: 10      XL:     7   Next: 35%
Magic:  7/7        EV:  8    Int: 10 (13) God:    Okawaru [......]
Gold:   467        SH:  0    Dex: 16      Spells: 0 memorised, 6 levels left

rFire  . . .     SeeInvis +     a - +4 dagger
rCold  . . .     Clarity  .     (no shield)
rNeg   . . .     SustAt   .     (helmet restricted)
rPois  .         Gourm    .     (no amulet)
rElec  .         Spirit   .     g - ring of see invisible
rCorr  .         Warding  .     q - ring of flight
rMut   .         Stasis   .     (no ring)
MR     .....                    (no ring)
Stlth  ++++++....               (no ring)
                                (no ring)
                                (no ring)
                                (no ring)

@: not resistant to hostile enchantments, very stealthy
A: almost no armour, amphibious, 8 rings, constrict 8, camouflage 1, gelatinous
body 1
a: Renounce Religion, Evoke Flight


You were on level 5 of the Dungeon.
You worshipped Okawaru.
Okawaru was noncommittal.
You were not hungry.

You visited 1 branch of the dungeon, and saw 5 of its levels.

You collected 467 gold pieces.

Inventory:

Hand Weapons
 a - a +4 dagger (weapon)
 b - a +0 blowgun
Missiles
 c - 25 poisoned needles
 d - 6 curare-tipped needles
Jewellery
 f - an uncursed amulet of stasis
 g - a ring of see invisible (left tentacle)
 k - a cursed ring of loudness
 q - a ring of flight (right tentacle)
Scrolls
 i - 3 scrolls of recharging
 j - 4 scrolls of remove curse
 m - 2 scrolls of noise
 n - a scroll of magic mapping
Comestibles
 h - a meat ration
 l - a bread ration


   Skills:
 + Level 3.5 Fighting
 + Level 3.3 Short Blades
 - Level 2.1 Throwing
 + Level 3.2 Dodging
 + Level 9.4 Stealth


You had 6 spell levels left.
You didn't know any spells.

Dungeon Overview and Level Annotations

Branches:
Dungeon (5/15)
 Temple: D:4-7

Altars:
Cheibriados
Fedhas
Okawaru
Xom

Annotations:
D:5 Menkaure


Innate Abilities, Weirdness & Mutations

You cannot wear most types of armour.
You are amphibious.
You can wear up to eight rings at the same time.
You can use your tentacles to constrict eight enemies at once.
Your skin changes colour to match your surroundings (Stealth).
Your rubbery body absorbs attacks (AC +1).


Message History

Menkaure is nearby!
Menkaure points at you and mumbles some strange words.
You struggle to resist.
Menkaure mumbles some strange words.
Menkaure seems to speed up.
You can't go up here!
There is a stone staircase leading up here.
You climb upwards.
There is a stone staircase leading down here.
You can't go up here!
You climb downwards.
Level annotation: Menkaure Menkaure hums, "From dust you came, to dust you will return."
There is a stone staircase leading up here.
Menkaure calls on the powers of darkness!
Your body is wracked with pain!
* * * LOW HITPOINT WARNING * * *
There is a stone staircase leading up here.
Menkaure hits you!
You die...

#.##.#.#.##.# ##...## #
#.#########.# ##'#########
#.#.......#.# #.##...M...
#.#.8.8.8.#.#######.##M######
#.#.......#........M##.# #
#......†.<#..#####...#.######
###.......##.# #......##....
#.8.8.8.##M#####...#.##.###
#.......#.@....#..##.##.###
##########........[........
########.######### #.# #.#
#.# #.# ########## #.# #####
#........# #.# #....


You could see Menkaure.

Vanquished Creatures
  An ogre (D:4)
  A phantom (D:4)
  A crimson imp (D:5)
  An iguana (D:4)
  A giant frog skeleton (D:5)
  A centaur skeleton (D:5)
  3 worker ants
  A hound skeleton (D:5)
  3 gnolls (D:5)
  7 adders
  A shadow imp (D:5)
  An adder zombie (D:5)
  An adder skeleton (D:5)
  A worm (D:2)
  A giant gecko (D:1)
  9 orcs
  A ball python (D:4)
  3 bats (D:1)
  4 giant cockroaches
  7 goblins
  7 hobgoblins
  10 jackals
  A giant newt (D:2)
  5 kobolds
  7 rats
79 creatures vanquished.

Notes
Turn   | Place    | Note
--------------------------------------------------------------
     0 | D:1      | retronalle the Octopode Assassin began the quest for the Orb.
     0 | D:1      | Reached XP level 1. HP: 14/14 MP: 1/1
   325 | D:1      | Reached XP level 2. HP: 19/19 MP: 2/2
   674 | D:1      | Reached skill level 6 in Stealth
  1086 | D:2      | Reached XP level 3. HP: 8/24 MP: 3/3
  2098 | D:2      | Reached skill level 7 in Stealth
  2098 | D:2      | Reached XP level 4. HP: 30/30 MP: 4/4
  2763 | D:3      | You fall through a shaft!
  3044 | D:4      | Noticed a phantom
  3083 | D:4      | Killed a phantom
  3083 | D:4      | Reached skill level 8 in Stealth
  3083 | D:4      | Reached XP level 5. HP: 14/35 MP: 5/5
  3510 | D:3      | Reached XP level 6. HP: 42/42 MP: 6/6
  3942 | D:4      | Noticed an ogre
  3950 | D:4      | Killed an ogre
  4166 | D:4      | Found a snail-covered altar of Cheibriados.
  4389 | D:5      | Entered Level 5 of the Dungeon
  4445 | D:5      | Found an iron altar of Okawaru.
  4448 | D:5      | Found a shimmering altar of Xom.
  4472 | D:5      | Became a worshipper of Warmaster Okawaru
  4477 | D:5      | Reached skill level 9 in Stealth
  4744 | D:5      | Noticed Menkaure
  4746 | D:5      | Found a blossoming altar of Fedhas.
  4898 | D:5      | Reached XP level 7. HP: 36/46 MP: 7/7
  5681 | D:5      | Mangled by Menkaure

Action                   |  1- 3 |  4- 6 |  7- 9 || total
-------------------------+-------+-------+-------++-------
Melee: Dagger            |    76 |    74 |    33 ||   183
  Use: Potion            |     3 |     6 |     1 ||    10
       Scroll            |     7 |    10 |       ||    17
 Stab: Sleeping          |    19 |    14 |     2 ||    35
  Eat: Chunk             |     3 |     4 |       ||     7
       Bread ration      |       |     1 |       ||     1
       Fruit             |       |       |     5 ||     5
       Beef jerky        |       |       |     1 ||     1
